 Dungeon Crawl Stone Soup version 0.30-a0-728-gc68057be0a (webtiles) character file.

Game seed: 1623569228828943492

496 IdlyInterested the Cutter (level 6, 0/48 HPs)
             Began as a Demonspawn Gladiator on Jan 30, 2023.
             Slain by Ijyb
             ... wielding a +0 dagger
              (1 damage)
             ... on level 4 of the Dungeon.
             The game lasted 00:10:49 (3407 turns).

IdlyInterested the Cutter (Demonspawn Gladiator)    Turns: 3407, Time: 00:10:50

Health: 0/48       AC:  0    Str: 14      XL:     6   Next: 93%
Magic:  6/6        EV: 20    Int: 10      God:
Gold:   127        SH:  0    Dex: 20 (21) Spells: 5/5 levels left

rFire   . . .      SeeInvis .    (weapon currently unavailable)
rCold   . . .      Faith    .    (shield currently unavailable)
rNeg    . . .      Spirit   .    (body armour currently unavailable)
rPois   .          Reflect  .    (helmet currently unavailable)
rElec   .          Harm     .    (cloak currently unavailable)
rCorr   .          Rampage  .    (gloves currently unavailable)
Will    .....                    (boots currently unavailable)
Stlth   ++                       (no amulet)
HPRegen 0.28/turn                (ring currently unavailable)
MPRegen 0.10/turn                (ring currently unavailable)

@: mighty, bat-form, flying, very quick
A: fast, flying, no casting, tiny, (antennae 2), demonic magic 1, deterioration
1, (poison resistance)
a: no special abilities


You were on level 4 of the Dungeon.
You were a bat.
You visited 1 branch of the dungeon, and saw 4 of its levels.
You also visited: Sewer.

You collected 127 gold pieces.

Inventory:

Hand Weapons
 a - a +0 rapier (melded)
Missiles
 d - 3 throwing nets
 e - a javelin
 m - 5 stones
 n - 9 boomerangs (quivered)
Armour
 b - a +0 leather armour
 f - a +0 pair of boots (melded)
 k - a +2 pair of gloves (melded)
 l - a +0 chain mail
 p - a +0 ring mail (melded)
Jewellery
 h - a +4 ring of slaying (melded)
 j - a ring of protection from fire (melded)
 u - a ring of wizardry
Wands
 c - a wand of flame (13)
Scrolls
 g - a scroll of magic mapping
 o - 2 scrolls of blinking
 r - a scroll of identify
Potions
 v - a potion of attraction {unknown}


   Skills:
 - Level 4.0 Fighting
 * Level 6.1 Short Blades
 - Level 1.7 Throwing
 - Level 2.6 Dodging
 + Level 1.6 Stealth


You had 5 spell levels left.
You didn't know any spells.
Your spell library was empty.

Dungeon Overview and Level Annotations

Branches:
Dungeon (4/15)              Sewer (visited)
 Temple: D:4-7

Altars:
Okawaru

Annotations:
D:4 Ijyb


Innate Abilities, Weirdness & Mutations

You are a bat.
You are tiny and dextrous.
You move quickly.
You are flying.
Your equipment is almost entirely melded.
You are incapable of wielding weapons or throwing items.
You cannot cast spells.
((You have a pair of antennae on your head.))
Spells you cast may paralyse adjacent enemies.
Your body sometimes deteriorates upon taking damage.
((Your system is resistant to poisons. (rPois)))


Message History

Okay, then.
Your magical effects are unravelling.
You feel magically purged.
You feel less batty.
Your +0 rapier unmelds from your body.
Your +2 pair of gloves unmelds from your body.
Your +0 pair of boots unmelds from your body.
Your +0 ring mail unmelds from your body.
Your +4 ring of slaying unmelds from your body.
Your ring of protection from fire unmelds from your body.
Ijyb zaps a wand.
You resist with some effort. The gnoll hits you but does no damage.
You hit Ijyb.
Ijyb is moderately wounded.
The gnoll hits you with a +0 whip.
Ijyb zaps a wand.
You turn into a bat.
Your +0 rapier melds into your body.
Your +2 pair of gloves melds into your body.
Your +0 pair of boots melds into your body.
Your +0 ring mail melds into your body.
Your +4 ring of slaying melds into your body.
Your ring of protection from fire melds into your body.
It was a potion of mutation.
You feel extremely strange.
You feel yourself wasting away.
You feel resistant to poisons. Ijyb hits you with a +0 dagger.
* * * LOW HITPOINT WARNING * * *
The gnoll closely misses you.
It was a potion of might.
You feel very mighty all of a sudden. Ijyb completely misses you.
The gnoll hits you with a +0 whip!
* * * LOW HITPOINT WARNING * * *
You hit Ijyb but do no damage.
Ijyb is moderately wounded.
Ijyb closely misses you. The gnoll barely misses you.
You hit Ijyb.
Ijyb is heavily wounded.
The gnoll hits you with a +0 whip.
* * * LOW HITPOINT WARNING * * *
Your body deteriorates!
You feel clumsy. Ijyb hits you with a +0 dagger.
You die...

.. .....#.. ...
#......## ...##.......#
......./....#
............### .
..........[...#####. >
$.....g).<....... .###.#
......gb........ ......
.......?......### ......
##............<.##.#..#.
....#..$................
##. #...................
##.........#...........
#...#####.#............
#... #....#.##......
..... #....### .....#


You could see Ijyb and a gnoll.

Vanquished Creatures
  2 bullfrogs (Sewer)
  Natasha (thrice) (D:3)
  An orc wizard (D:3)
  6 gnolls
  12 adders
  2 worms (D:3)
  A dart slug (D:3)
  7 orcs (D:3)
  5 ball pythons
  5 bats
  5 endoplasms
  12 giant cockroaches
  8 goblins
  9 hobgoblins
  A kobold (D:1)
  4 quokkas
  4 frilled lizards
  8 rats
95 creatures vanquished.

Notes
Turn   | Place    | Note
-------+----------+-------------------------------------------
     0 | D:1      | IdlyInterested the Demonspawn Gladiator began the quest for
                  | the Orb.
     0 | D:1      | Reached XP level 1. HP: 16/16 MP: 1/1
    84 | D:1      | Found a faded altar of an unknown god.
   283 | D:1      | Reached skill level 3 in Short Blades
   320 | D:1      | Gained mutation: Spells you cast may paralyse adjacent
                  | enemies. [demonic ancestry]
   320 | D:1      | Reached XP level 2. HP: 22/22 MP: 2/2
  1016 | D:1      | Gained mutation: You have a pair of small antennae on your
                  | head. [demonic ancestry]
  1016 | D:1      | Reached XP level 3. HP: 28/28 MP: 3/3
  1043 | D:2      | Found an iron altar of Okawaru.
  1436 | D:2      | Reached skill level 4 in Short Blades
  1436 | D:2      | Gained mutation: You have a pair of antennae on your head.
                  | [demonic ancestry]
  1436 | D:2      | Reached XP level 4. HP: 34/34 MP: 4/4
  1750 | D:3      | Found a glowing drain.
  1782 | Sewer    | Entered a sewer
  1827 | Sewer    | Reached XP level 5. HP: 23/41 MP: 5/5
  2130 | Sewer    | Reached skill level 5 in Short Blades
  2134 | Sewer    | Reached XP level 6. HP: 30/48 MP: 6/6
  2873 | D:3      | Noticed Natasha
  2886 | D:3      | Killed Natasha
  2887 | D:3      | Reached skill level 1 in Stealth
  3215 | D:3      | Noticed Natasha
  3224 | D:3      | Killed Natasha
  3225 | D:3      | Reached skill level 6 in Short Blades
  3231 | D:3      | Noticed Natasha
  3234 | D:3      | Killed Natasha
  3363 | D:4      | Noticed Ijyb
  3404 | D:4      | Gained mutation: Your body sometimes deteriorates upon
                  | taking damage. [potion of mutation]
  3404 | D:4      | Gained mutation: Your system is resistant to poisons.
                  | (rPois) [potion of mutation]
  3407 | D:4      | HP: 1/48 [gnoll/+0 whip (6)]
  3407 | D:4      | Slain by Ijyb

Illustrated notes

Levels and vault maps discovered:
D:1:      minmay_arrival_doors, layout_loops_corners,
          shapermc_ecumenical_altar_mp_ritualfount
D:2:      layout_basic, basic_altar
D:3:      layout_basic, cheibrodos_sewer_entry_bend, hangedman_decor_slide_cut,
          kennysheep_generic_room_4, uniq_natasha
D:4:      layout_cave_pools, minmay_temple_entry_hall, minmay_curled_crystal,
          uniq_ijyb

Skill      XL: |  1  2  3  4  5  6 |
---------------+-------------------+-----
Short Blades   | 3 4 5 6 |  6.1
Fighting       | 3 4 |  4.0
Stealth        | 1 |  1.6
Throwing       | |  1.7
Dodging        | |  2.6

Action                     |  1- 3 |  4- 6 || total
---------------------------+-------+-------++-------
  Melee: Rapier            |    86 |   188 ||   274
         Punch             |       |     4 ||     4
         Unarmed           |       |    33 ||    33
  Throw: Stone             |       |    14 ||    14
    Use: Scroll            |     5 |     5 ||    10
         Potion            |       |     4 ||     4
   Stab: Sleeping          |     2 |     1 ||     3
 Armour: Leather armour    |    35 |     8 ||    43
         Ring mail         |       |    68 ||    68
  Dodge: Dodged            |    60 |   128 ||   188

Table legend: (Time is in decaauts)
 A = Elapsed time spent in this place.
 B = Non-inter-level travel time spent in this place.
 C = Inter-level travel time spent in this place.
 D = Time resting spent in this place.
 E = Time spent auto-exploring this place.
 F = Levels seen in this place.
 G = Mean time per level.
                   A        B        C        D        E       F      G
               +--------+--------+--------+--------+--------+-----+--------+
         Total |   3478 |   3251 |    227 |    472 |   1630 |   5 |  695.6 |
       Dungeon |   2942 |   2715 |    227 |    343 |   1628 |   4 |  735.5 |
         Sewer |    536 |    536 |      0 |    129 |      2 |   1 |  536.0 |
               +--------+--------+--------+--------+--------+-----+--------+

Top non-repeatable levels by time:
     D:3: 1135 daAuts
     D:1: 1039 daAuts
     D:2: 707 daAuts
   Sewer: 536 daAuts
     D:4: 59 daAuts
